 Dungeon Crawl Stone Soup version 0.31-a0-331-geda263fcf1 (webtiles) character file.

Game seed: 3315406700164173645

73 LeprechaunX the Changeling (level 4, -6/30 HPs)
             Began as an Octopode Shapeshifter on July 20, 2023.
             Mangled by Terence
             ... wielding a +0 trident
              (8 damage)
             ... on level 2 of the Dungeon.
             The game lasted 00:01:41 (1026 turns).

LeprechaunX the Changeling (Octopode Shapeshifter)  Turns: 1026, Time: 00:01:41

Health: -6/30      AC:  1    Str: 16    XL:     4   Next: 27%
Magic:  4/4        EV: 13    Int: 10    God:
Gold:   45         SH:  0    Dex: 12    Spells: 3/3 levels left

rFire   . . .        m - +3 quarterstaff (chaos)
rCold   . . .        (shield currently unavailable)
rNeg    . . .        (helmet currently unavailable)
rPois   .            (no amulet)
rElec   .            (no ring)
rCorr   .            (no ring)
SInv    .            (no ring)
Will    .....        (no ring)
Stlth   ++           (no ring)
HPRegen 0.25/turn    (no ring)
MPRegen 0.09/turn    (no ring)
                     (no ring)

%: no passive effects
@: beast-form
A: beast (slay +2), almost no armour, amphibious, 8 rings, camouflage 1,
gelatinous body 1, (nimble swimmer 1), tentacles
a: Begin Untransformation


You were on level 2 of the Dungeon.
You were a hulking beast.
You visited 1 branch of the dungeon, and saw 2 of its levels.

You collected 45 gold pieces.

Inventory:

Hand Weapons
 m - a +3 quarterstaff of chaos (weapon)
Talismans
 b - a beast talisman
Scrolls
 c - a scroll of amnesia {unknown}
 d - 2 scrolls of identify {unknown}
 g - a scroll of revelation {unknown}
 j - a scroll of enchant weapon {unknown}
 l - a scroll of torment {unknown}
Potions
 a - a potion of lignification
 e - a potion of heal wounds {unknown}
 f - a potion of enlightenment {unknown}
 h - a potion of brilliance {unknown}
 k - a potion of berserk rage {unknown}


   Skills:
 + Level 2.5 Fighting
 + Level 0.1 Staves
 + Level 2.4 Dodging
 * Level 2.8 Unarmed Combat
 * Level 3.6 Shapeshifting


You had 3 spell levels left.
You didn't know any spells.
Your spell library contained the following spells:

 Spells                   Type           Power      Damage    Failure   Level
 Sublimation of Blood     Necr           0%         N/A       50%         2
 Wereblood                Tmut           0%         N/A       50%         2
 Summon Hydra             Summ           0%         N/A       100%        7


Dungeon Overview and Level Annotations

Branches:
Dungeon (2/15)

Altars:

Annotations:
D:2 Robin, Terence


Innate Abilities, Weirdness & Mutations

You are a hulking beast.
Your limbs bulge with bestial killing power. (Slay +2)
You cannot wear most types of armour.
You are amphibious.
You can wear up to eight rings at the same time.
Your skin changes colour to match your surroundings (Stealth+).
Your rubbery body absorbs attacks. (AC +1, EV +1)
((You are camouflaged when in or above water. (Stealth+)))
You have tentacles for arms and can constrict up to eight enemies at once.


Message History

You sock the goblin!
You kill the goblin!
You swing at nothing.
Robin throws the goblin at you! The goblin misses you.
The goblin hits you with a +0 dagger.
You sock the goblin!
You kill the goblin!
Robin throws the goblin at you!
The goblin hits you with a +0 dagger. x2
You thump the goblin! You freeze the goblin.
You kill the goblin!
The goblin barely misses you.
A hobgoblin comes into view.
The hobgoblin shouts!
You sock the goblin! You burn the goblin.
You kill the goblin!
The goblin no longer looks unusually strong.
The goblin misses you.
The goblin unwields a +0 club.
The goblin wields a +0 sling.
The goblin shoots a sling bullet.
The sling bullet barely misses you.
The sling bullet hits the goblin.
The goblin dies!
You swing at nothing.
The goblin shoots a sling bullet.
The sling bullet completely misses you.
Robin roars a battlecry!
The goblin goes into a battle-frenzy!
You closely miss the goblin. Your grab misses the goblin.
Robin throws the goblin at you!
The goblin unwields a +0 sling.
The goblin wields a +0 dagger.
The goblin barely misses you.
The goblin unwields a +0 sling.
The goblin wields a +0 club.
The goblin hits you with a +0 club.
You hit the goblin.
You kill the goblin!
The goblin no longer looks unusually strong.
The hobgoblin no longer looks unusually strong.
The goblin hits you with a +0 dagger. The hobgoblin misses you.
Terence hits you from afar with a +0 trident!
* * * LOW HITPOINT WARNING * * *
You sock the hobgoblin!
You kill the hobgoblin!
The goblin hits you but does no damage.
Terence hits you from afar with a +0 trident!
You die...

. ... ...# #### #.# ...#
...# #.# ...# ##.# #.##
##g..# ##.# ... .@...#
##.#### #.# #....###
##.##.#######.#####†.....#
##.##..........gh)@g...#.##
...##.#######.#####g.......
#.......<.#.........#..#.##
#.###.##..#.#..##.###..#
#.###.##..#.#..##.# .#
#<........#...###.# .#
#.###.##.##.#.###.# #
...................
#.###.#...........#


You could see Terence, Robin, a hobgoblin and a goblin.

Vanquished Creatures
  Crazy Yiuf (D:2)
  A dart slug (D:1)
  2 endoplasms
  9 goblins
  3 hobgoblins (D:2)
  4 jackals (D:1)
  A quokka (D:2)
  4 ball pythons (D:1)
  4 bats
  2 frilled lizards
  6 kobolds
  2 rats (D:1)
39 creatures vanquished.

Vanquished Creatures (others)
  A goblin (D:2)
1 creature vanquished.

Grand Total: 40 creatures vanquished

Notes
Turn   | Place    | Note
-------+----------+-------------------------------------------
     0 | D:1      | LeprechaunX the Octopode Shapeshifter began the quest for
                  | the Orb.
     0 | D:1      | Reached XP level 1. HP: 14/14 MP: 1/1
   167 | D:1      | Reached XP level 2. HP: 19/19 MP: 2/2
   356 | D:1      | Reached XP level 3. HP: 24/24 MP: 3/3
   780 | D:2      | Found a runed translucent door.
   783 | D:2      | Noticed Crazy Yiuf
   793 | D:2      | Killed Crazy Yiuf
   794 | D:2      | Reached XP level 4. HP: 13/30 MP: 4/4
  1008 | D:2      | Noticed Terence
  1010 | D:2      | Noticed Robin
  1026 | D:2      | Mangled by Terence

Illustrated notes

Levels and vault maps discovered:
D:1:      dpeg_arrival_chambers_temple_mockup, layout_basic, st_stairs_2
D:2:      layout_basic, uniq_crazy_yiuf_cottage, uniq_robin, uniq_terence,
          uniq_natasha

Action                     |  1- 3 |  4- 6 || total
---------------------------+-------+-------++-------
  Melee: Unarmed           |    37 |       ||    37
         Tentacles         |    15 |       ||    15
         Constrict         |    14 |       ||    14
         Punch             |     1 |       ||     1
         Short sword       |    17 |       ||    17
         Quarterstaff      |       |    13 ||    13
   Stab: Sleeping          |     6 |     1 ||     7
         Distracted        |     1 |       ||     1
 Armour: Skin              |     4 |     2 ||     6
  Dodge: Dodged            |    25 |    15 ||    40

Table legend: (Time is in decaauts)
 A = Elapsed time spent in this place.
 B = Non-inter-level travel time spent in this place.
 C = Inter-level travel time spent in this place.
 D = Time resting spent in this place.
 E = Time spent auto-exploring this place.
 F = Levels seen in this place.
 G = Mean time per level.
                   A        B        C        D        E       F      G
               +--------+--------+--------+--------+--------+-----+--------+
         Total |   1022 |    945 |     77 |      0 |    707 |   2 |  511.0 |
       Dungeon |   1022 |    945 |     77 |      0 |    707 |   2 |  511.0 |
               +--------+--------+--------+--------+--------+-----+--------+

Top non-repeatable levels by time:
     D:1: 685 daAuts
     D:2: 336 daAuts
